 Dungeon Crawl Stone Soup version 0.27.1-34-g3ba077fa99 (webtiles) character file.

Game seed: 14961520959963252278

216 multipassport the Gusty (level 6, -3/41 HPs)
             Began as a Human Air Elementalist on Jan 18, 2022.
             Slain by a black bear (5 damage)
             ... on level 4 of the Dungeon.
             The game lasted 00:14:08 (4686 turns).

multipassport the Gusty (Human Air Elementalist)    Turns: 4686, Time: 00:14:09

Health: -3/41      AC:  3    Str:  9    XL:     6   Next: 16%
Magic:  0/10       EV: 13    Int: 17    God:
Gold:   110        SH:  0    Dex: 13    Spells: 5/11 levels left

rFire    . . .     SeeInvis .   b - +1 dagger (drain)
rCold    . . .     Faith    .   (no shield)
rNeg     . . .     Spirit   .   a - +0 robe
rPois    .         Reflect  .   j - +1 hat
rElec    .         Harm     .   (no cloak)
rCorr    .         Rampage  .   (no gloves)
Will     .....                  (no boots)
Stlth    ++........             (no amulet)
HPRegen  0.13/turn              h - ring of flight
MPRegen  0.12/turn              (no ring)

@: flying
A: no striking features
a: no special abilities


You were on level 4 of the Dungeon.
You visited 1 branch of the dungeon, and saw 4 of its levels.

You collected 110 gold pieces.

Inventory:

Hand Weapons
 b - a +1 dagger of draining (weapon)
Armour
 a - a +0 robe (worn)
 g - a +0 buckler
 j - a +1 hat (worn)
Jewellery
 h - a ring of flight (left hand)
Scrolls
 d - 3 scrolls of acquirement {unknown}
 e - a scroll of brand weapon {unknown}
 f - 3 scrolls of identify
 i - a scroll of fear
 k - 4 scrolls of vulnerability {unknown}
 m - a scroll of silence {unknown}
 n - a scroll of enchant armour {unknown}
Potions
 c - 2 potions of mutation {unknown}
 l - 2 potions of cancellation {unknown}
 o - a potion of invisibility {unknown}
 p - a potion of curing {unknown}


   Skills:
 + Level 3.1 Dodging
 - Level 2.0 Stealth
 + Level 2.0 Shields
 + Level 3.0 Spellcasting
 + Level 2.5 Conjurations
 + Level 4.0 Air Magic


You had 5 spell levels left.
You knew the following spells:

 Your Spells              Type           Power      Damage    Failure   Level
a - Shock                 Conj/Air       52%        1d6       4%          1
b - Static Discharge      Conj/Air       13%        N/A       7%          2
c - Swiftness             Air            16%        N/A       10%         3

Your spell library contained the following spells:

 Spells                   Type           Power      Damage    Failure   Level
 Airstrike                Air            8%         N/A       32%         4
 Summon Guardian Golem    Hex/Summ       2%         N/A       45%         3
 Orb of Destruction       Conj           5%         9d2       100%        7
 Spellforged Servitor     Conj/Summ      3%         N/A       100%        7


Dungeon Overview and Level Annotations

Branches:
Dungeon (4/15)
 Temple: D:4-7

Altars:
Elyvilon
Nemelex Xobeh

Shops:
D:3 *   D:4 *

Annotations:
D:3 3 runed translucent doors, Jazqba's ghost, amateur HONe; diceflayer's ghost, amateur MiFi; mandor's ghost, amateur DjCj


Message History

The black bear is severely wounded.
The black bear bites you but does no damage.
The black bear claws you. The black bear barely misses you.
Aiming: Shock (safe; 4% risk of failure)
Press: ? - help, Q - select action, (/) - cycle Shift-Dir - straight line The zap hits the black bear.
The black bear is severely wounded.
The black bear goes berserk!
Unknown command.
Aiming: Shock (safe; 4% risk of failure)
Press: ? - help, Q - select action, (/) - cycle Shift-Dir - straight line The zap hits the black bear.
The black bear is almost dead.
The black bear closely misses you.
The black bear claws you but does no damage.
The black bear claws you.
Aiming: Shock (safe; 4% risk of failure)
Press: ? - help, Q - select action, (/) - cycle Shift-Dir - straight line The zap hits the black bear.
The black bear is almost dead.
The black bear closely misses you. The black bear misses you.
The black bear claws you. The black bear closely misses you.
The black bear misses you.
The black bear claws you but does no damage.
Aiming: Shock (safe; 4% risk of failure)
Press: ? - help, Q - select action, (/) - cycle Shift-Dir - straight line The zap hits the black bear but does no damage.
The black bear is almost dead.
The black bear bites you. The black bear claws you.
* * * LOW HITPOINT WARNING * * *
The black bear barely misses you. The black bear closely misses you.
The black bear claws you.
* * * LOW HITPOINT WARNING * * *
The black bear barely misses you. The black bear bites you.
* * * LOW HITPOINT WARNING * * *
The black bear claws you.
* * * LOW HITPOINT WARNING * * *
The black bear claws you.
You die...

### ##.# . #.## ##.. ## #..#
..... ...# #.. #..## #....>
......... #...#####......
.........####......#.......
.....##.......#............ ....#
####......@h###...#.. ....#
#......### ..# ...# #..<...# .#
...## ##...##..# # ....#
##....###.# .....###....## ..#
......#.....# #..# ######
............####....###.. ##..∩..
......###.................#.§§≈≈.


You could see a black bear (berserk).

Vanquished Creatures
  2 hounds (D:4)
  8 adders
  An ufetubus (D:4)
  A worm (D:3)
  3 dart slugs
  8 orcs
  2 bats
  7 endoplasms
  2 giant cockroaches
  5 goblins
  3 hobgoblins
  4 jackals (D:4)
  6 kobolds
  2 quokkas
  7 ball pythons
  2 rats (D:1)
63 creatures vanquished.

Vanquished Creatures (others)
  A withered plant (D:3)
1 creature vanquished.

Grand Total: 64 creatures vanquished

Notes
Turn   | Place    | Note
-------+----------+-------------------------------------------
     0 | D:1      | multipassport the Human Air Elementalist began the quest
                  | for the Orb.
     0 | D:1      | Reached XP level 1. HP: 13/13 MP: 3/3
   219 | D:1      | You fall into a shaft and drop 1 floor!
   589 | D:1      | Reached XP level 2. HP: 19/19 MP: 1/5
  1413 | D:2      | Reached XP level 3. HP: 19/24 MP: 0/6
  1515 | D:2      | Learned a level 2 spell: Static Discharge
  1519 | D:2      | Learned a level 3 spell: Swiftness
  1636 | D:2      | Reached skill level 1 in Shields
  1636 | D:2      | Reached XP level 4. HP: 27/30 MP: 0/7
  2128 | D:3      | Found a sparkling altar of Nemelex Xobeh.
  2238 | D:3      | Found a runed translucent gate.
  2238 | D:3      | Found a runed translucent gate.
  2420 | D:3      | Found Qoof's Assorted Antiques.
  3064 | D:3      | Reached XP level 5. HP: 35/35 MP: 0/8
  3386 | D:3      | Found a runed translucent gate.
  3388 | D:3      | Noticed mandor's ghost (amateur DjCj)
  3388 | D:3      | Noticed diceflayer's ghost (amateur MiFi)
  3461 | D:3      | Noticed Jazqba's ghost (amateur HONe)
  3724 | D:4      | Found Ygosmel's Assorted Antiques.
  4326 | D:4      | Found a white marble altar of Elyvilon.
  4599 | D:4      | Reached skill level 4 in Air Magic
  4599 | D:4      | Reached XP level 6. HP: 41/41 MP: 4/10
  4672 | D:4      | Noticed a black bear
  4686 | D:4      | HP: 2/41 [black bear (5)]
  4686 | D:4      | Slain by a black bear

Illustrated notes

Levels and vault maps discovered:
D:1:      lightli_arrival_noodles, layout_loops_ring
D:2:      layout_loops_ring, minivault_26
D:3:      layout_loops_corners, nemelex_spade_bored_becter, serial_shops,
          nicolae_shop_statue_plus, gammafunk_ghost_cemetery, feat_on_display
D:4:      layout_layer_cave, nicolae_qazlal_eye_of_the_storm, elyvilon_altar_3,
          serial_shops, nicolae_shop_temple_entry_statues_fountains,
          nicolae_lakefront_shop

Skill      XL: |  1  2  3  4  5 |
---------------+----------------+-----
Shields        | 1 2 |  2.0
Conjurations   | 2 |  2.5
Dodging        | 3 |  3.1
Spellcasting   | 3 |  3.0
Air Magic      | 4 |  4.0
Stealth        | |  2.0

Action                   |  1- 3 |  4- 6 || total
-------------------------+-------+-------++-------
Melee: Club              |    11 |       ||    11
       Dagger            |       |     5 ||     5
 Cast: Shock             |    51 |   140 ||   191
       Static Discharge  |     1 |       ||     1
  Use: Scroll            |       |     4 ||     4
Armor: Robe              |     3 |    13 ||    16
Dodge: Dodged            |    17 |    31 ||    48
